 Dungeon Crawl Stone Soup version 0.30-a0-122-g2a1322497e (webtiles) character file.

Game seed: 66469599695168630

10 NinjaNoafa the Ruffian (level 2, 29/29 HPs)
             Began as a Troll Monk on Sept 15, 2022.
             Was a Believer of Sif Muna.
             Quit the game on level 1 of the Dungeon.
             The game lasted 00:00:58 (715 turns).

NinjaNoafa the Ruffian (Troll Monk)                  Turns: 715, Time: 00:00:58

Health: 29/29      AC:  4    Str: 18    XL:     2   Next: 10%
Magic:  1/1        EV: 10    Int:  6    God:    Sif Muna [**....]
Gold:   43         SH:  0    Dex: 12    Spells: 1/1 levels left

rFire   . . .      SeeInvis .      - Unarmed
rCold   . . .      Faith    .    (no shield)
rNeg    . . .      Spirit   .    a - +0 robe
rPois   .          Reflect  .    (helmet restricted)
rElec   .          Harm     .    (no cloak)
rCorr   .          Rampage  .    (gloves unavailable)
Will    .....                    (boots unavailable)
Stlth   ++........               (no amulet)
HPRegen 0.89/turn                (no ring)
MPRegen 0.07/turn                (no ring)

@: no status effects
A: large, unfitting armour, claws 3, regeneration 1, shaggy fur 1, tough skin 1
a: Renounce Religion, Channel Magic


You were on level 1 of the Dungeon.
You worshipped Sif Muna.
Sif Muna was pleased with you.
You visited 1 branch of the dungeon, and saw 1 of its levels.

You collected 43 gold pieces.

Inventory:

Missiles
 c - 11 stones (quivered)
Armour
 a - a +0 robe (worn)
Scrolls
 e - a scroll of fear {unknown}
 f - 2 scrolls of identify {unknown}
Potions
 b - a potion of ambrosia
 d - a potion of brilliance {unknown}


   Skills:
 + Level 2.7 Fighting
 - Level 2.4 Dodging
 - Level 1.0 Stealth
 + Level 3.3 Unarmed Combat


You had one spell level left.
You didn't know any spells.
Your spell library contained the following spells:

 Spells                   Type           Power      Damage    Failure   Level
 Ignite Poison            Fire/Tmut/Pois 0%         N/A       83%         3
 Mephitic Cloud           Conj/Pois/Air  0%         N/A       83%         3
 Freezing Cloud           Conj/Ice/Air   0%         6-21      100%        5


Dungeon Overview and Level Annotations

Branches:
Dungeon (1/15)

Altars:
Sif Muna


Innate Abilities, Weirdness & Mutations

You are too large for most types of armour.
You have claws for hands.
Your natural rate of healing is unusually fast.
You are covered in fur. (AC +1)
You have tough skin. (AC +1)


Message History

You claw the hobgoblin!
You kill the hobgoblin!
There is a shaft here.
A rat comes into view.
The helpless rat fails to defend itself.
You claw the rat!
You kill the rat!
You have reached level 2!
Found a robe.
An endoplasm comes into view.
Found 2 scrolls labelled DUKAIKAANN.
The endoplasm quivers.
Found 9 gold pieces.
You claw the endoplasm!
You kill the endoplasm!
Found a stone staircase leading down.
Found a faded altar of an unknown god.
f - 2 scrolls labelled DUKAIKAANN You now have 43 gold pieces (gained 9).
A ball python comes into view.
Found a glowing spear.
The ball python hisses angrily.
You claw the ball python!
You kill the ball python!
You see here a ball python corpse.
You see here a +1 spear of freezing.
You see here a ball python corpse.
Found a robe.
There is a stone staircase leading down here.
There is a faded altar of an unknown god here.
There is a faded altar of an unknown god here.
This altar belongs to (a) Sif Muna, (b) Jiyva or (c) Kikubaaqudgha, but you can't tell which.
Press the corresponding letter to learn more about a god, or press enter to convert or escape to cancel.
Sif Muna accepts your prayer! Sif Muna welcomes you!
You can now call upon Sif Muna for magical energy.
There is an abandoned shop here.
There is a stone staircase leading down here.
Done exploring.
Done exploring.
Are you sure you want to abandon this character and quit the game? (Confirm with "yes".)

#################
................#
#...#......#.##.#
....#........##.#
#.##....#..#.##.#
#..###...#...##.#####
#### #########......#
###################.#
..##.#..........@.#.#
.......##########.#.#
#..>.#.##########.#.#
#.................#.#
#.###..############)#
.>.....############.#
#..#.............##.#
...#.#.#########.##.#
#..#.#.........#.##.#####


There were no monsters in sight!

Vanquished Creatures
  3 endoplasms (D:1)
  A goblin (D:1)
  A hobgoblin (D:1)
  2 ball pythons (D:1)
  A bat (D:1)
  A frilled lizard (D:1)
  A rat (D:1)
10 creatures vanquished.

Notes
Turn   | Place    | Note
-------+----------+-------------------------------------------
     0 | D:1      | NinjaNoafa the Troll Monk began the quest for the Orb.
     0 | D:1      | Reached XP level 1. HP: 22/22 MP: 0/0
   408 | D:1      | Reached XP level 2. HP: 29/29 MP: 1/1
   468 | D:1      | Found a faded altar of an unknown god.
   619 | D:1      | Prayed at the altar of an unknown god.
   619 | D:1      | Became a worshipper of Sif Muna the Loreminder
   619 | D:1      | Reached * piety under Sif Muna
   619 | D:1      | Reached ** piety under Sif Muna
   715 | D:1      | Quit the game

Illustrated notes

Levels and vault maps discovered:
D:1:      scummos_arrival_simple_crosswalls, layout_basic,
          ebering_ecumenical_altar_abandoned, minmay_misc_feat_rugged

Action                   || total
-------------------------++-------
Melee: Unarmed           ||    15
       Punch             ||     1
 Stab: Sleeping          ||     2
Armor: Robe              ||     5
Dodge: Dodged            ||     7

Table legend: (Time is in decaauts)
 A = Elapsed time spent in this place.
 B = Non-inter-level travel time spent in this place.
 C = Inter-level travel time spent in this place.
 D = Time resting spent in this place.
 E = Time spent auto-exploring this place.
 F = Levels seen in this place.
 G = Mean time per level.
                   A        B        C        D        E       F      G
               +--------+--------+--------+--------+--------+-----+--------+
         Total |    714 |    646 |     68 |      0 |    534 |   1 |  714.0 |
       Dungeon |    714 |    646 |     68 |      0 |    534 |   1 |  714.0 |
               +--------+--------+--------+--------+--------+-----+--------+

Top non-repeatable levels by time:
     D:1: 714 daAuts
